 Dungeon Crawl Stone Soup version 0.29.0-4-gdea44cf6ec (webtiles) character file.

Game seed: 12376523730835719720

53 qw the Ruffian (level 3, -1/36 HPs)
             Began as a Troll Cinder Acolyte on Aug 30, 2022.
             Was a High Priest of Ignis.
             Succumbed to a kobold's poison
             ... on level 2 of the Dungeon.
             The game lasted 00:00:50 (1105 turns).

qw the Ruffian (Troll Cinder Acolyte)               Turns: 1105, Time: 00:00:50

Health: -1/36      AC: 13    Str: 24    XL:     3   Next: 64%
Magic:  3/3        EV:  9    Int: 10    God:    Ignis [*****.]
Gold:   681        SH:  0    Dex:  5    Spells: 4/4 levels left

rFire   + . .      SeeInvis .     - Unarmed
rCold   . . .      Faith    .   (no shield)
rNeg    . . .      Spirit   .   a - +0 robe
rPois   .          Reflect  .   f - +2 hat {Will+}
rElec   .          Harm     .   (no cloak)
rCorr   .          Rampage  .   (gloves unavailable)
Will    +....                   (boots unavailable)
Stlth   +.........              (no amulet)
HPRegen 0.92/turn               (no ring)
MPRegen 0.08/turn               (no ring)

@: lethally poisoned (-1 -> -13), fiery-armoured
A: large, unfitting armour, claws 3, regeneration 1, shaggy fur 1, tough skin 1
a: Renounce Religion, Fiery Armour, Foxfire Swarm, Rising Flame


You were on level 2 of the Dungeon.
You worshipped Ignis.
Ignis was extremely pleased with you.
You visited 1 branch of the dungeon, and saw 2 of its levels.

You collected 681 gold pieces.


Innate Abilities, Weirdness & Mutations

You are too large for most types of armour.
You have claws for hands.
Your natural rate of healing is unusually fast.
You are covered in fur. (AC +1)
You have tough skin. (AC +1)


   Skills:
 - Level 2.4 Fighting
 + Level 4.7 Unarmed Combat
 - Level 1.0 Spellcasting
 - Level 2.1 Fire Magic


You had 4 spell levels left.
You didn't know any spells.
Your spell library contained the following spells:

 Spells                   Type           Power      Damage    Failure   Level
 Scorch                   Fire           8%         2d5       22%         2

Inventory:

Armour
 a - a +0 robe (worn)
 f - a +2 hat of willpower (worn)
Jewellery
 h - a ring of protection from fire
Scrolls
 e - 3 scrolls of identify
Potions
 b - a potion of attraction {unknown}
 c - a potion of heal wounds {unknown}
 d - 2 potions of might {unknown}
 g - a potion of lignification {unknown}

Dungeon Overview and Level Annotations

Branches:
Dungeon (2/15)

Altars:


Message History

1095 ||| Stepping ~*~*~tactically~*~*~ (outnumbered).
The kobold attacks as you move away! The kobold closely misses you.
You feel very sick.
The kobold throws a stone.
The stone hits you but does no damage.
You barely miss the kobold.
You feel sick.
The kobold hits you with a +1 whip of venom.
You are more poisoned.
1097 ||| Stepping ~*~*~tactically~*~*~ (outnumbered).
The kobold attacks as you move away! The kobold barely misses you.
You feel very sick.
The kobold throws a stone.
The stone hits you but does no damage.
You barely miss the kobold.
You feel very sick.
You closely miss the kobold.
You feel sick. The kobold hits you but does no damage.
You are more poisoned.
1100 ||| Stepping ~*~*~tactically~*~*~ (outnumbered).
You feel very sick.
The kobold throws a stone.
The stone hits you but does no damage.
The kobold throws a stone.
The stone hits you but does no damage.
1101 ||| FLEEEEING.
You feel very sick.
1102 ||| INVOKING Fiery Armour.
A protective cloak of flame settles atop you.
You feel very sick. The kobold hits you but does no damage.
You are more poisoned.
The kobold is burned by your cloak of flames.
You kill the kobold!
You closely miss the kobold.
You feel very sick.
The kobold hits you with a +1 dagger of venom.
You are lethally poisoned!
The kobold is burned by your cloak of flames.
The kobold is severely wounded.
You claw the kobold!
You kill the kobold!
You feel very sick.
You die...

....#.. #...... #.. ..#
.## ##... ..### .#...#
#...# ......
......#####.#.# .####..
.........#.#.###### ##
##..##.............# ##
........##).....##.#
.######
#.....@.)..##.....
......#######...........#
..............%.........#
################.....!..#
##.......# #...#####
#...# #..># #...#


There were no monsters in sight!

Vanquished Creatures
  An adder (D:2)
  A dart slug (D:1)
  8 bats
  3 endoplasms
  5 giant cockroaches
  6 goblins (D:1)
  3 hobgoblins (D:1)
  3 kobolds
  A quokka (D:2)
  4 ball pythons
  3 frilled lizards
  3 rats
41 creatures vanquished.

Notes
Turn   | Place    | Note
-------+----------+-------------------------------------------
     0 | D:1      | qw the Troll Cinder Acolyte began the quest for the Orb.
     0 | D:1      | Reached XP level 1. HP: 22/22 MP: 1/1
     0 | D:1      | 0 ||| qw: Version: 0.1-a-95-gae9e614
     0 | D:1      | 0 ||| qw: Game counter: 4436
     0 | D:1      | 0 ||| qw: Always use a shield: true
     0 | D:1      | 0 ||| qw: God list: Okawaru
     0 | D:1      | 0 ||| qw: Allow faded altars: false
     0 | D:1      | 0 ||| qw: Do Orc after D:15 true
     0 | D:1      | 0 ||| qw: Do second Lair branch before Depths: true
     0 | D:1      | 0 ||| qw: Lair rune preference: random
     0 | D:1      | 0 ||| qw: Plans: Normal
     0 | D:1      | 0 ||| PLANNING D:1-11
   201 | D:1      | Reached XP level 2. HP: 29/29 MP: 2/2
   513 | D:1      | 513 ||| Stepping ~*~*~tactically~*~*~ (stealth).
   531 | D:1      | Reached skill level 4 in Unarmed Combat
   532 | D:1      | 532 ||| Stepping ~*~*~tactically~*~*~ (stealth).
   543 | D:1      | 543 ||| Stepping ~*~*~tactically~*~*~ (stealth).
   560 | D:1      | Found a faded altar of an unknown god.
   664 | D:1      | 664 ||| Stepping ~*~*~tactically~*~*~ (stealth).
   669 | D:1      | 669 ||| Stepping ~*~*~tactically~*~*~ (stealth).
   673 | D:1      | Reached XP level 3. HP: 36/36 MP: 3/3
   691 | D:1      | 691 ||| Stepping ~*~*~tactically~*~*~ (stealth).
   693 | D:1      | 693 ||| Stepping ~*~*~tactically~*~*~ (stealth).
   699 | D:1      | 699 ||| Stepping ~*~*~tactically~*~*~ (stealth).
   702 | D:1      | 702 ||| Stepping ~*~*~tactically~*~*~ (outnumbered).
   703 | D:1      | 703 ||| Stepping ~*~*~tactically~*~*~ (outnumbered).
   840 | D:1      | 840 ||| UPGRADING to +2 hat of willpower.
   845 | D:1      | 845 ||| READING scroll labelled VAEVAY HAETHOB.
   846 | D:1      | 846 ||| READING scroll labelled YWUOLA NAIBRIL.
   846 | D:1      | Identified a scroll of acquirement
   846 | D:1      | 846 ||| ACQUIRING 566 gold pieces
   846 | D:1      | Acquired 566 gold pieces
  1095 | D:2      | 1095 ||| Stepping ~*~*~tactically~*~*~ (outnumbered).
  1097 | D:2      | 1097 ||| Stepping ~*~*~tactically~*~*~ (outnumbered).
  1100 | D:2      | 1100 ||| Stepping ~*~*~tactically~*~*~ (outnumbered).
  1101 | D:2      | 1101 ||| FLEEEEING.
  1102 | D:2      | 1102 ||| INVOKING Fiery Armour.
  1103 | D:2      | HP: 9/36 [poisoned by a kobold]
  1104 | D:2      | HP: 2/36 [poisoned by a kobold]
  1105 | D:2      | Succumbed to a kobold's poison

Levels and vault maps discovered:
D:1:      dpeg_arrival_pits, layout_loops_ring,
          hellmonk_ecumenical_altar_lost_god, minmay_close_crescents
D:2:      layout_rooms, serial_shops, nicolae_shop_overgrown_old_shop

Skill      XL: |  1  2 |
---------------+-------+-----
Unarmed Combat | 4 |  4.7
Fighting       | |  2.4
Spellcasting   | |  1.0
Fire Magic     | |  2.1

Action                   || total
-------------------------++-------
Melee: Unarmed           ||   110
Invok: Fiery Armour      ||     1
  Use: Scroll            ||     2
Armor: Robe              ||    38
Dodge: Dodged            ||    48

Table legend:
 A = Non-vault XP
 B = Vault XP
 C = Vault XP percentage of total XP
 D = Non-vault monster count
 E = Vault monster count
 F = Vault count percentage of total count
                 A         B        C        D         E       F
            +---------+---------+-------+---------+---------+-------
      Total |      69 |       8 |  10.4 |      35 |       6 |  14.6
            +---------+---------+-------+---------+---------+-------
        D:1 |      42 |       8 |  16.0 |      23 |       6 |  20.7
        D:2 |      27 |       0 |   0.0 |      12 |       0 |   0.0
            +---------+---------+-------+---------+---------+-------
